Cogmind - Beta 16 @@@ ROGUE MODE // 2025.12.27 @ 11:58:37 Player: EuleBlut Result: Destroyed by G-47 Trooper with Particle Gun Performance ------------- Evolutions (0) 0 Regions Visited (1) 200 Robots Destroyed (13) 65 Value Destroyed (267) 267 Prototype IDs (0) 0 Alien Tech Used (0) 0 Bonus (0) 0 TOTAL SCORE: 532 Bonus ------- None Cogmind --------- Core Integrity 0/250 Matter 171/300 Energy 100/100 System Corruption 0% Temperature Warning (371) Movement Rolling (115) Ox1 Location -10/Materials Parts ------- > --- POWER (1) -------- (None) > --- PROPULSION (2) --- Compact Wheel > --- UTILITY (2) ------ Large Storage Unit Hacking Suite > --- WEAPON (2) ------- Particle Cannon Light Assault Rifle > --- INVENTORY (15) --- Light Ion Engine Wheel Wheel Compact Wheel Large Storage Unit Weapon Shielding Hardened Light Armor Plating Hardened Light Armor Plating Hardened Light Armor Plating Heavy EM Pulse Gun Particle Cannon Grenade Launcher Peak State ------------ > --- POWER ------------ Light Ion Engine > --- PROPULSION ------- Wheel Compact Wheel > --- UTILITY ---------- Large Storage Unit Hacking Suite > --- WEAPON ----------- Heavy EM Pulse Gun Medium Laser > --- INVENTORY -------- Light Ion Engine Wheel Wheel Compact Wheel Large Storage Unit Weapon Shielding Hardened Light Armor Plating Hardened Light Armor Plating Hardened Light Armor Plating Heavy EM Pulse Gun Particle Cannon Particle Cannon Light Assault Rifle Grenade Launcher [Rating: 12] Favorites ----------- Power Light Ion Engine Engine Light Ion Engine Propulsion Compact Wheel Wheel Compact Wheel Utility Hacking Suite Storage Large Storage Unit Hackware Hacking Suite Weapon Medium Laser Energy Gun Medium Laser Energy Cannon Particle Cannon Ballistic Gun Light Assault Rifle Build | -11 -10 ------- Run | Yrd Mat Slots Evolved . | . . Power . | . . Propulsion . | . . Utility . | . . Weapon . | . . Parts Attached 14 | 6 8 Power 3 | 1 2 Engine 3 | 1 2 Core . | . . Reactor . | . . Propulsion 3 | 2 1 Treads . | . . Leg . | . . Wheel 3 | 2 1 Hover . | . . Flight . | . . Utility 3 | 1 2 Device . | . . Storage 2 | 1 1 Processor . | . . Hackware 1 | . 1 Protection . | . . Artifact . | . . Weapon 5 | 2 3 Energy Gun 3 | 2 1 Energy Cannon 1 | . 1 Ballistic Gun 1 | . 1 Ballistic Cannon . | . . Launcher . | . . Special Weapon . | . . Impact Weapon . | . . Slashing Weapon . | . . Piercing Weapon . | . . Special Melee Weapon . | . . Unidentified Prototypes . | . . Parts Lost 7 | . 7 Power 2 | . 2 Propulsion 2 | . 2 Utility . | . . Weapon 3 | . 3 Highest Loss Streak 5 | . 5 To Critical Strikes . | . . Average Backups 8 | 1 8 Power . | . . Propulsion 2 | . 2 Utility 2 | . 2 Weapon 3 | . 3 Tool/Special . | . . Unused Backups 12 | . 12 Power 1 | . 1 Propulsion 3 | . 3 Utility 5 | . 5 Weapon 3 | . 3 Tool/Special . | . . Average Slot Usage (%) 95 | . 95 Engine 13 | . 13 Wheel 26 | . 26 Storage 14 | . 14 Hackware 12 | . 12 Energy Gun 26 | . 26 Peak Build Rating 12 | 6 12 Average Rating 8 | 3 9 On Entrance 3 | . 6 Avg Prop Armor Cover (%) . | . . Naked Turns . | . . Heaviest Build 29 | 14 29 Greatest Support 26 | 26 26 Greatest Overweight (x) 1 | . 1 Average Overweight (x) . | . . Largest Inventory Capacity 15 | 8 15 Average Capacity 12 | 7 13 Most Carried 15 | 4 15 Average Carried 8 | 1 8 Final Capacity 15 | 8 15 Final Carried 12 | 2 12 Class Distribution -------------------- 100% | Mutant Dominant Class ---------------- Mutant | -10/Materials Resources | -11 -10 ----------- Run | Yrd Mat Matter Collected 310 | 225 85 Remotely . | . . Salvage Created 403 | . 403 Parts 22 | . 22 Haulers Intercepted . | . . Recyclers Shooed 1 | . 1 Parts Field Recycled . | . . Retrieved Matter . | . . Parts Self-Destructed . | . . Prevented . | . . Parts Restored . | . . Kills | -11 -10 ------- Run | Yrd Mat Combat Hostiles Destroyed 10 | . 10 Guns 10 | . 10 Classes Destroyed 5 | . 5 Recycler 1 | . 1 Operator 1 | . 1 Watcher 1 | . 1 Swarmer 6 | . 6 Grunt 4 | . 4 Best Kill Streak 4 | . 4 Combat Bots Only 3 | . 3 Max Kills in Single Turn 1 | . 1 Gunslinging . | . . Exploded . | . . Melee . | . . Uniques/NPCs Destroyed . | . . Combat | -11 -10 -------- Run | Yrd Mat Hostile Shots Fired 84 | . 84 Missed 22 | . 22 Hits 62 | . 62 Projectile 62 | . 62 Critical Strikes 1 | . 1 Damage Taken 788 | . 788 Core 257 | . 257 Absorbed by Shields . | . . Core Remaining (%) 100 | 100 . Volleys Fired 41 | . 41 Largest 2 | . 2 Hottest 118 | . 118 Shots Fired 77 | . 77 Gun 71 | . 71 Cannon 6 | . 6 Launcher . | . . Special . | . . Kinetic 3 | . 3 Thermal 43 | . 43 Explosive . | . . Electromagnetic 31 | . 31 Robot Hit Streak 11 | . 11 Robot Miss Streak 5 | . 5 Penetration Max . | . . Secondary Targets 2 | . 2 Max Gunslinging Chain 1 | . 1 Shots Hit Robots 46 | . 46 Core Hits 19 | . 19 Critical Kills . | . . Critical Parts Destroyed . | . . Critical Strikes 4 | . 4 Burn 4 | . 4 Melee Attacks . | . . Impact . | . . Slashing . | . . Piercing . | . . Sneak Attacks . | . . Combat Hostiles . | . . Follow-up Attacks . | . . Damage Inflicted 633 | . 633 Guns 573 | . 573 Cannons 60 | . 60 Explosions . | . . Melee . | . . Ramming . | . . Kinetic 27 | . 27 Thermal 311 | . 311 Explosive . | . . Electromagnetic 295 | . 295 Impact . | . . Slashing . | . . Piercing . | . . Highest Corruption . | . . Average Corruption . | . . Corruption Purged . | . . Corruption Blocked . | . . Overload Shots . | . . Overflow Damage . | . . Projectiles . | . . Explosions . | . . Melee . | . . Knockbacks . | . . Impact . | . . Kinetic . | . . Secondary . | . . Self-Inflicted Damage . | . . Shots . | . . Rammed . | . . Targets Rammed . | . . Kicked . | . . Crushed . | . . Highest Temperature 543 | . 543 Average Temperature 177 | . 177 Received Heat Transfer 339 | . 339 Effects 13 | . 13 Shutdowns 2 | . 2 Energy Bleed 3 | . 3 Matter Decay 2 | . 2 Short Circuit 3 | . 3 Damage (major) 1 | . 1 Damage (core) 2 | . 2 Siege Activations . | . . Martial Activations . | . . Shielding Activations . | . . Robots Disrupted . | . . Combat Hostiles . | . . Robots Corrupted . | . . Combat Hostiles . | . . Parts Fried . | . . Impact Corruptions . | . . Robots Melted . | . . Combat Hostiles . | . . Parts Melted 3 | . 3 Heat Transferred 1147 | . 1147 Parts Sabotaged . | . . Parts Stolen . | . . Parts Stripped . | . . Power Chain Reactions . | . . Alert | -11 -10 ------- Run | Yrd Mat Maximum Alert Level . | . . Low Security (%) 100 | 100 100 Level 1 . | . . Level 2 . | . . Level 3 . | . . Level 4 . | . . Level 5 . | . . High Security . | . . Max Security . | . . Peak Influence 84 | . 84 Initial . | . . Average 28 | . 31 Influence Increases 307 | . 307 Destroy 0b10 Robot/C 200 | . 200 Destroy 0b10 Robot/NC 15 | . 15 Destroy Leader 32 | . 32 Disable Machine 30 | . 30 Lose Combat Pursuer 30 | . 30 Influence Decreases 262 | . 262 Time Decay 192 | . 192 Lost Part 70 | . 70 Squads Dispatched 2 | . 2 Investigation 1 | . 1 Extermination . | . . Reinforcement 1 | . 1 Assault . | . . Garrison . | . . Intercept . | . . Searches Triggered . | . . Construction Impeded . | . . Haulers Reinforced . | . . Active Scanning Responses . | . . Cargo Convoy Interrupts . | . . Stealth | -11 -10 --------- Run | Yrd Mat Distress Signals 3 | . 3 Communications Jammed . | . . Distress Signals . | . . Times Spotted 20 | . 20 Peak Tracking Total 6 | . 6 Tactical Retreats 1 | . 1 Traps | -11 -10 ------- Run | Yrd Mat Traps Triggered 2 | . 2 Indirectly . | . . Trap Hack Attempts . | . . Triggered . | . . Disarmed . | . . Reprogrammed . | . . Reused . | . . Traps Extracted . | . . Installed . | . . Triggered . | . . Machines | -11 -10 ---------- Run | Yrd Mat Machines Disabled 2 | . 2 Max in Single Turn 1 | . 1 Machines Repaired . | . . Machines Dismantled . | . . Machines Sabotaged . | . . Overloaded Fab Kills . | . . Hacking | -11 -10 --------- Run | Yrd Mat Machines Accessed 1 | . 1 Terminals 1 | . 1 Fabricators . | . . Repair Stations . | . . Recycling Units . | . . Scanalyzers . | . . Garrison Access . | . . Total Hacks 1 | . 1 Successful 1 | . 1 Failed . | . . Catastrophic . | . . Database Lockouts . | . . Manual 1 | . 1 Terminals 1 | . 1 Fabricators . | . . Repair Stations . | . . Recycling Units . | . . Scanalyzers . | . . Garrison Access . | . . Terminal Hacks 1 | . 1 Recall Reinforcements 1 | . 1 Fabricator Hacks . | . . Repair Station Hacks . | . . Recycling Unit Hacks . | . . Scanalyzer . | . . Garrison Access Hacks . | . . Unauthorized Hacks . | . . Terminals . | . . Fabricators . | . . Repair Stations . | . . Recycling Units . | . . Scanalyzers . | . . Garrison Access . | . . Data Cores Recovered . | . . Used . | . . Hacking Detections . | . . Full Trace Events . | . . Feedback Events . | . . Feedback Blocked . | . . Robot Schematics Acquired . | . . Robots Built . | . . Authchips . | . . Time . | . . Total Robot Build Rating . | . . Part Schematics Acquired . | . . Parts Built . | . . Authchips . | . . Time . | . . Total Part Build Rating . | . . Part Studies Acquired . | . . Parts Repaired . | . . Time . | . . Parts Recycled . | . . Recycled Matter . | . . Retrieved Matter . | . . Retrieved Components . | . . Parts Scanalyzed . | . . Part Schematics Acquired . | . . Parts Damaged . | . . Bothacking | -11 -10 ------------ Run | Yrd Mat Used RIF Installer . | . . Robots Hacked . | . . Non-combat . | . . Combat . | . . Robot Hacks Applied . | . . Relay Couplers Released . | . . Fabnet Peak Effective % . | . . Robots Rewired . | . . Allies Hacked . | . . Hacks Repelled . | . . Allies | -11 -10 -------- Run | Yrd Mat Total Allies . | . . Largest Group . | . . Highest-Rated Group . | . . Highest-Rated Ally . | . . Total Orders . | . . Ally Attacks . | . . Total Damage . | . . Kills . | . . Allies Corrupted . | . . Allies Melted . | . . Intel | -11 -10 ------- Run | Yrd Mat Active Infowar (turns) . | . . Robot Analysis Total . | . . Derelict Logs Recovered . | . . Drone Launches . | . . Drone Recoveries . | . . Exploration | -11 -10 ------------- Run | Yrd Mat Turns Passed 651 | 60 591 Spaces Moved 476 | 48 428 Core 11 | 11 . Treads . | . . Legs . | . . Wheels 465 | 37 428 Hover . | . . Flight . | . . Fastest Speed 50 | 50 80 Average Speed 99 | 79 101 Slowest Speed 115 | 90 115 Overloaded Moves . | . . Propulsion Burnouts . | . . Robots Hopped . | . . Potential Cave-ins . | . . Cave-ins Triggered . | . . Exploration Rate (%) 40 | 3 78 Regions Visited 1 Branch Regions . Pre-discovered Areas . | . . Known Exits Taken . | . . Unknown Exits Taken 1 | 1 . Scrap Searched . | . . Spaces Dug . | . . Terrain Destroyed . | . . Melee . | . . Projectile . | . . AOE . | . . Terrain Rammed . | . . Walls Destroyed . | . . Machines Disabled . | . . Actions | -11 -10 --------- Run | Yrd Mat Total 577 | 69 508 Wait 19 | 8 11 Move 475 | 47 428 Hop . | . . Pick Up 26 | 8 18 Fast Attach 1 | . 1 Attach 13 | 6 7 Detach . | . . Swap 1 | . 1 Drop 1 | . 1 Fire 41 | . 41 Melee . | . . Ram . | . . Kick . | . . Crush . | . . Escape Stasis . | . . Rewire . | . . Trap . | . . Miscellaneous . | . . Route ------- -11/Scrapyard -10/Materials (discovered 3 exits: [*Mat x2] / [*Min]) History --------- Turn | Location | Event 26 | -11/Scrapyard | Discovered new exit (range 15) 61 | -11/Scrapyard | Entered Materials 113 | -10/Materials | Discovered new exit (range 16) 220 | -10/Materials | Discovered new exit (range 16) 302 | -10/Materials | Build established: Mutant 420 | -10/Materials | Discovered new exit (range 7) 599 | -10/Materials | Core integrity fell below 50% 640 | -10/Materials | Core integrity fell below 20% 652 | -10/Materials | Destroyed by G-47 Trooper with Particle Gun Last Messages --------------- Overheating: Short circuit. Overheating: Core damaged (-32). K-01 Serf collects debris. K-01 Serf cleans the Atomic Centrifuge. Overheating: Energy bleed (-19). Critical hit (Burn: +37). Lgt. Assault Rifle broken. Overheating: Short circuit. R-06 Scavenger collects Corrupted Aluminum Leg. Lgt. Ion Engine destroyed. Overheating: Hacking Suite damaged (-2). Triggered Alarm Trap. An alarm sounds. ALERT: Alarm triggered, dispatching investigation squad. K-01 Serf collects debris. K-01 Serf cleans the Atomic Centrifuge. U-05 Engineer lays Concrete. Broken Wheel destroyed. U-05 Engineer lays Concrete. Map ----- +----------------------------------------------------+ | | | | | ?????????????????????????????????????????????????? | | ?????????????????????????????????????????????????? | | ?????????????????????????????????????????????????? | | ??????????????????????????????????????############ | | ??????????????????????????????????????# # """" # | | ??????????????????????????????????????# # """" # | | ??????????????????????????????????????# # """" # | | ??????????????????????????????######### # # | | ??????????????????????????????# ## # # | | ??????????????????????????????# ## # = # | | ??????????????????????????????# """ ## ####+### | | ??????????????????????????????# """ ###+## %= | | ??????????????????????????????# """ + %== | | ?????????????? ???????????????# # ### =%[ | | ?????????????? #################/# #?###+#### | | ????????????? ### # | | ????????????? + # | | ????????????# #""" # | | ????????????# ?????########### ######### #""" =# | | ????????????# ???????########+#####???# #""" # | | ????????????# ?????# #???# # # | | ??????????### ###?# gk"" """ #???# #####+## | | ??????????# # """ """ ##### | | ??????????# # @ """ """ + | | ??????????# """ g% k u u ######## "" | | ??????????+ * """ ##############??????### "" | | ??????????# """ #????????????????????#T "" | | ??????????# """ #????????????????????## | | ??????????# """ #?????????????? | | ??????????# +?????????????? ######## | | ??????????#^ #??????????????????# | | ?########## """ #??????????????????# | | ?# # """ #??????????????????# | | ?#""" T # """ #??????????????????# | | ?#""" # "" #??????????????????# | | ?#""" # #??????????????????# [ | | ?# # #?????????###??????# | | ?#""" # ??? ?????# | | ?#""" # """